 Dungeon Crawl Stone Soup version 0.26-a0-757-g626ac9e51a (webtiles) character file.

Game seed: 604224623115612763

79 domi the Magician (level 4, 0/30 HPs)
             Began as a Mummy Hedge Wizard on Nov 7, 2020.
             Slain by an adder (5 damage)
             ... on level 3 of the Dungeon.
             The game lasted 00:08:22 (2352 turns).

domi the Magician (Mummy Hedge Wizard)              Turns: 2352, Time: 00:08:22

Health: 0/30       AC:  2    Str: 13    XL:     4   Next: 16%
Magic:  1/10       EV: 12    Int: 14    God:
Gold:   45         SH:  0    Dex: 11    Spells: 4/12 levels left

rFire    x . .     SeeInvis .   j - +3 dagger (pain)
rCold    + . .     Faith    .   (no shield)
rNeg     + + +     Spirit   .   b - +0 robe
rPois    ∞         Reflect  .   c - +0 hat
rElec    .         Harm     .   (no cloak)
rCorr    .         Rampage  .   (no gloves)
MR       .....                  (no boots)
Stlth    ++........             (no amulet)
HPRegen  0.10/turn              (no ring)
MPRegen  0.12/turn              (no ring)

@: no status effects
A: no potions, fire vulnerability, cold resistance 1, negative energy resistance
3, torment resistance, unbreathing
a: no special abilities


You were on level 3 of the Dungeon.
You visited 1 branch of the dungeon, and saw 3 of its levels.

You collected 45 gold pieces.

Inventory:

Hand Weapons
 a - a +0 dagger
 e - a +0 hunting sling
   (You found it on level 1 of the Dungeon)
 j - a +3 dagger of pain (weapon)
   (You found it on level 1 of the Dungeon)
Missiles
 f - 87 stones (quivered)
 h - 63 sling bullets
 i - 12 poisoned darts
Armour
 b - a +0 robe (worn)
 c - a +0 hat (worn)
 d - a +0 pair of gloves
   (You found it on level 1 of the Dungeon)
Scrolls
 g - a scroll of noise {!r}
 k - a scroll of fog
 m - a scroll of identify {@r1}


   Skills:
 - Level 1.5 Dodging
 - Level 1.5 Stealth
 + Level 4.8 Spellcasting
 * Level 2.6 Conjurations
 + Level 0.8 Summonings
 - Level 0.7 Translocations
 + Level 0.2 Air Magic
 + Level 0.2 Poison Magic


You had 4 spell levels left.
You knew the following spells:

 Your Spells              Type           Power        Failure   Level
b - Blink                 Tloc           N/A          21%         2
c - Mephitic Cloud        Conj/Pois/Air  #.......     34%         3
x - Call Imp              Summ           #.......     19%         2
z - Magic Dart            Conj           ##..         6%          1

Your spell library contained the following spells:

 Spells                   Type           Power        Failure   Level
 Slow                     Hex            #.......     26%         2
 Conjure Flame            Conj/Fire      #.......     30%         3


Dungeon Overview and Level Annotations

Branches:
Dungeon (3/15)

Altars:

Portals:
Sewer: D:3


Innate Abilities, Weirdness & Mutations

You do not drink.
Your flesh is vulnerable to fire.
You are immune to poison.
Your flesh is cold resistant. (rC+)
You are immune to negative energy. (rN+++)
You are immune to unholy pain and torment.
You can survive without breathing.


Message History

You now have 2/10 mp.
There is an open door here.
A beastly little devil appears in a puff of flame.
The orc hits you with a +0 whip.
* * * LOW HITPOINT WARNING * * *
You take 4 damage, and have 1/30 hp.
You now have 0/10 mp.
Unknown command.
You swap places.
The orc closely misses your crimson imp.
Your crimson imp barely misses the orc.
The orc hits your crimson imp but does no damage.
Your crimson imp hits the orc but does no damage.
The orc closely misses your crimson imp.
Your crimson imp hits the orc but does no damage.
The orc hits your crimson imp but does no damage.
Your crimson imp closely misses the orc.
Your magical contamination has completely faded away.
The orc shouts!
You aren't carrying any items that you can evoke.
Okay, then.
Your crimson imp hits the orc.
The orc throws a boomerang.
The boomerang hits you but does no damage.
The weapon returns to the orc!
Your crimson imp hits the orc.
You see here a silvery potion.
The orc closely misses you.
Your crimson imp completely misses the orc.
The orc enters a dispersal trap!
Your crimson imp blinks!
The orc blinks! x2
You blink.
The orc blinks!
The orc priest looks satisfied for a moment.
An orc priest comes into view.
You aren't carrying any items that you can evoke.
The orc shouts!
The orc barely misses your crimson imp.
The orc priest moves out of view.
Your crimson imp disappears in a puff of smoke!
The orc hits you but does no damage.
An adder comes into view.
The rat barely misses you. The giant cockroach barely misses you.
You open the door. The orc closely misses you.
The giant cockroach closely misses you.
There is an open door here.
You miscast Call Imp.
You are very lightly contaminated with residual magic.
Nothing appears to happen.
You hear the rusting of a distant drain.
The rat closely misses you.
You now have 1/10 mp.
The rat misses you.
A beastly little devil appears in a puff of frigid air.
The rat bites you.
* * * LOW HITPOINT WARNING * * *
You take 1 damage, and have 3/30 hp.
You now have 0/10 mp.
Unknown command.
Your white imp hits the rat.
Your white imp freezes the rat.
The rat dies!
The orc closely misses your white imp.
The giant cockroach bites your white imp but does no damage.
Your white imp hits the giant cockroach.
Your white imp freezes the giant cockroach.
The giant cockroach dies!
The adder barely misses your white imp. The orc hits your white imp.
Your magical contamination has completely faded away.
The adder barely misses your white imp. The orc hits your white imp.
The adder bites your white imp but does no damage.
The orc hits your white imp.
Your white imp hits the orc.
Your white imp freezes the orc.
The adder barely misses your white imp. The adder bites your white imp.
The orc hits your white imp but does no damage.
Your white imp closely misses the orc.
The adder bites your white imp but does no damage.
The orc hits your white imp but does no damage.
Your white imp hits the orc.
The orc dies!
Your white imp hits the adder.
Your white imp freezes the adder.
The adder seems to slow down.
Something hits your white imp!
Your white imp dies!
The adder barely misses you.
The orc priest looks encouraged for a moment.
The adder barely misses you.
A beastly little devil appears in a puff of flame.
The adder bites you.
* * * LOW HITPOINT WARNING * * *
You take 1 damage, and have 4/30 hp.
You now have 1/10 mp.
The adder closely misses you.
Your crimson imp hits the adder.
The adder barely misses your crimson imp.
Your crimson imp closely misses the adder.
The orc throws a boomerang.
The boomerang completely misses you.
The weapon returns to the orc!
The orc priest looks satisfied for a moment.
The orc throws a boomerang.
The boomerang closely misses your crimson imp.
The boomerang closely misses you.
The weapon returns to the orc!
The orc priest casts a cantrip, but nothing happens.
The adder bites you.
You die...

........o..# #.#.#.#.......
...#.....†.###'#'#.......#.
##.#...<..'†........##....#
#$.......###.....ooo..#...
####.....###.......#...#..
####..........o.#....##
#..!...#..####...#..
#......#..# #..#...
#..@...#..# #......
#..S...#..# #..#...
##........# ##..#..
#..^.....# #...##
#....5o..# #.o#..
#.#......# #.#...
#.#....oo# ##....#
#.#......####....#.
..#........o.o.....


You could see an orc priest, an adder, 2 orcs and a friendly crimson imp
(summoned).

Vanquished Creatures
  An adder (D:2)
  An ooze (D:1)
  2 worms
  A dart slug (D:1)
  A leopard gecko (D:2)
  2 giant cockroaches (D:2)
  8 goblins
  4 hobgoblins
  2 kobolds (D:2)
  6 bats
  4 frilled lizards
  4 rats
36 creatures vanquished.

Vanquished Creatures (collateral kills)
  3 adders
  A worm (D:3)
  An orc (D:3)
  2 giant cockroaches (D:3)
  A frilled lizard (D:3)
  4 rats (D:3)
12 creatures vanquished.

Vanquished Creatures (others)
  A rat (D:3)
1 creature vanquished.

Grand Total: 49 creatures vanquished

Notes
Turn   | Place    | Note
-------+----------+-------------------------------------------
     0 | D:1      | domi the Mummy Hedge Wizard began the quest for the Orb.
     0 | D:1      | Reached XP level 1. HP: 13/13 MP: 5/5
    47 | D:1      | Reached skill level 1 in Conjurations
   266 | D:1      | Reached XP level 2. HP: 19/19 MP: 2/7
   834 | D:2      | Reached skill level 2 in Conjurations
   960 | D:2      | Reached XP level 3. HP: 23/24 MP: 8/8
   964 | D:2      | Learned a level 2 spell: Call Imp
   967 | D:2      | Learned a level 2 spell: Blink
   971 | D:2      | Learned a level 3 spell: Mephitic Cloud
  1089 | D:2      | HP: 6/24 [adder (2)]
  2234 | D:3      | HP: 6/24 [adder (2)]
  2238 | D:3      | Reached XP level 4. HP: 3/30 MP: 3/10
  2251 | D:3      | Found a glowing drain.
  2281 | D:3      | HP: 5/30 [rat (3)]
  2291 | D:3      | HP: 1/30 [orc/+0 whip (4)]
  2322 | D:3      | HP: 3/30 [rat (1)]
  2346 | D:3      | HP: 4/30 [adder (1)]
  2352 | D:3      | Slain by an adder

Illustrated notes

Levels and vault maps discovered:
D:1:      dpeg_arrival_pond, layout_rooms, minivault_26, eino_curves_01
D:2:      layout_basic, chequers_serial_rivers_micro_c, kennysheep_donut
D:3:      minmay_evil_eye, layout_basic, yredelemnul_altar_generic,
          portal_sewer_entry_a, minmay_splitting_lines, uniq_robin

Skill      XL: |  1  2 |
---------------+-------+-----
Conjurations   | 1 2 |  2.6
Dodging        | |  1.5
Stealth        | |  1.5
Spellcasting   | |  4.8
Summonings     | |  0.8
Translocations | |  0.7
Air Magic      | |  0.2
Poison Magic   | |  0.2

Action                   |  1- 3 |  4- 6 || total
-------------------------+-------+-------++-------
Melee: Dagger            |    83 |       ||    83
 Fire: Hunting sling     |    31 |       ||    31
 Cast: Magic Dart        |    16 |       ||    16
       Call Imp          |    12 |     4 ||    16
  Use: Scroll            |     4 |       ||     4
 Stab: Sleeping          |     4 |       ||     4
       Distracted        |     1 |       ||     1
Armor: Robe              |    24 |     2 ||    26
Dodge: Dodged            |    70 |    16 ||    86

Table legend: (Time is in decaauts)
 A = Elapsed time spent in this place.
 B = Non-inter-level travel time spent in this place.
 C = Inter-level travel time spent in this place.
 D = Time resting spent in this place.
 E = Time spent auto-exploring this place.
 F = Levels seen in this place.
 G = Mean time per level.
                   A        B        C        D        E       F      G
               +--------+--------+--------+--------+--------+-----+--------+
         Total |   2357 |   2299 |     58 |    419 |   1229 |   3 |  785.7 |
       Dungeon |   2357 |   2299 |     58 |    419 |   1229 |   3 |  785.7 |
               +--------+--------+--------+--------+--------+-----+--------+

Top non-repeatable levels by time:
     D:2: 1207 daAuts
     D:1: 814 daAuts
     D:3: 336 daAuts

Table legend:
 A = Kills in this place as a percentage of kills in entire the game.
 B = Kills by you in this place as a percentage of kills by you in the entire game.
 C = Kills by friends in this place as a percentage of kills by friends in the entire game.
 D = Other kills in this place as a percentage of other kills in the entire game.
 E = Experience gained in this place as a percentage of experience gained in the entire game.
 F = Experience gained in this place divided by the number of levels of this place that you have seen.
                   A       B       C       D       E      F
               +-------+-------+-------+-------+-------+----------------------
         Total | 100.0 | 100.0 | 100.0 |   N/A | 100.0 |  37.7
       Dungeon | 100.0 | 100.0 | 100.0 |   N/A | 100.0 |  37.7
               +-------+-------+-------+-------+-------+----------------------
